 Seeded DCSS version 0.29.1-15-g9cfb28693d (webtiles) character file.

Game seed: 1 (custom seed)

3239 Kazon the Slasher (level 9, -1/68 HPs)
             Began as a Demonspawn Fighter on Apr 25, 2023.
             Was a Believer of Okawaru.
             Slain by Edmund
             ... wielding a +2 flail of holy wrath
              (3 damage)
             ... on level 6 of the Dungeon.
             The game lasted 00:23:47 (4600 turns).

Kazon the Slasher (Demonspawn Fighter)              Turns: 4600, Time: 00:23:47

Health: -1/68      AC: 12    Str: 17    XL:     9   Next: 67%
Magic:  9/11       EV: 16    Int: 14    God:    Okawaru [**....]
Gold:   416        SH:  6    Dex: 14    Spells: 8/8 levels left

rFire   . . .      SeeInvis .   f - +10 scimitar of Weudao {vorpal, Int+2}
rCold   + + .      Faith    .   c - +0 buckler
rNeg    + . .      Spirit   .   E - +3 leather armour {rC+}
rPois   .          Reflect  .   l - +0 helmet
rElec   .          Harm     .   (no cloak)
rCorr   .          Rampage  .   (no gloves)
Will    .....                   n - +2 pair of boots
Stlth   ++++......              g - amulet of the acrobat
HPRegen 0.21/turn               t - ring of positive energy
MPRegen 0.12/turn               F - ring of protection from cold

@: heroic
A: claws 2, powered by death 1, spiny 2
a: Renounce Religion, Heroism


You were on level 6 of the Dungeon.
You worshipped Okawaru.
Okawaru was pleased with you.
You visited 2 branches of the dungeon, and saw 8 of its levels.

You collected 416 gold pieces.

Inventory:

Hand Weapons
 e - a +2 dagger of venom
 f - the +10 scimitar of Weudao (weapon) {vorpal, Int+2}
   (You acquired it on level 1 of the Dungeon)

   It inflicts extra damage upon your enemies.
   Int:       It affects your intelligence (+2).
Missiles
 k - 45 stones (quivered)
 r - a throwing net
 s - 2 boomerangs
 B - 3 curare-tipped darts
 H - 8 poisoned darts
Armour
 c - a +0 buckler (worn)
 l - a +0 helmet (worn)
 n - a +2 pair of boots (worn)
 E - a +3 leather armour of cold resistance (worn)
Jewellery
 g - an amulet of the acrobat (around neck)
 t - a ring of positive energy (left claw)
 F - a ring of protection from cold (right claw)
Wands
 z - a wand of paralysis (10)
 C - a wand of mindburst (20)
 D - a wand of flame (14)
Scrolls
 i - 9 scrolls of identify
 o - 2 scrolls of immolation {unknown}
 p - a scroll of poison {unknown}
 q - a scroll of fog {unknown}
 u - a scroll of teleportation {unknown}
 w - a scroll of magic mapping {unknown}
 x - 2 scrolls of noise {unknown}
 A - 2 scrolls of enchant weapon {unknown}
 I - a scroll of fear {unknown}
Potions
 a - 2 potions of ambrosia {unknown}
 b - 4 potions of berserk rage {unknown}
 d - 2 potions of might
 h - a potion of flight
 j - a potion of attraction {unknown}
 m - 2 potions of cancellation
 v - 4 potions of lignification {unknown}
 y - 2 potions of haste {unknown}
 G - a potion of curing


   Skills:
 + Level 5.5(10.5) Fighting
 + Level 3.2(10.5) Short Blades
 + Level 7.1(12.4) Long Blades
 + Level 5.7(10.7) Throwing
 + Level 5.1(10.1) Armour
 + Level 5.7(10.7) Dodging
 + Level 3.5(8.5) Stealth
 + Level 4.9(9.9) Shields
 * Level 2.8 Invocations
 * Level 2.5 Evocations


You had 8 spell levels left.
You didn't know any spells.
Your spell library contained the following spells:

 Spells                   Type           Power      Damage    Failure   Level
 Apportation              Tloc           0%         N/A       38%         1
 Necrotise                Necr           0%         1d4       38%         1
 Sting                    Tmut/Pois      0%         1d3       38%         1
 Poisonous Vapours        Pois/Air       0%         N/A       52%         2
 Olgreb's Toxic Radiance  Pois           0%         N/A       99%         4
 Fireball                 Conj/Fire      0%         3d3       100%        5
 Iskenderun's Battlesphe  Conj           0%         2d6       100%        5
 Conjure Ball Lightning   Conj/Air       0%         3x3d6     100%        6
 Orb of Destruction       Conj           0%         9d5       100%        7
 Summon Small Mammal      Summ           Unusable   N/A       N/A         1

Dungeon Overview and Level Annotations

Branches:
Dungeon (7/15)             Temple (1/1) D:7

Altars:
Ashenzari
Dithmenos
Gozag
Hepliaklqana
Makhleb
Nemelex Xobeh
Okawaru
Qazlal
Uskayaw
Xom

Shops:
D:3 (

Annotations:
D:6 Edmund


Innate Abilities, Weirdness & Mutations

You have very sharp fingernails.
You regenerate a little health from kills.
You are mostly covered in sharp spines.


Message History

You slash the necrophage!
The necrophage is heavily damaged.
The necrophage misses you.
You slash the necrophage!
The necrophage is almost destroyed.
The necrophage hits you but does no damage.
You slash the necrophage!
You destroy the necrophage!
Okawaru accepts your kill.
Your +2 dagger of venom begins to drip with poison!
e - a +2 dagger of venom (weapon)
Edmund shouts!
You hear an angry growl.
Edmund hits you with a +2 flail of holy wrath!
You convulse!
A black bear comes into view.
An ogre comes into view. It is wielding a +0 giant club.
You hit Edmund but do no damage.
Edmund is poisoned.
Edmund hits you with a +2 flail of holy wrath.
You convulse.
You hit Edmund.
Edmund looks even sicker.
Edmund is lightly wounded.
Edmund is struck by your spines. Edmund misses you.
You hit Edmund.
Edmund is moderately wounded.
You hit Edmund but do no damage.
Edmund looks as sick as possible!
Edmund is moderately wounded.
Edmund hits you with a +2 flail of holy wrath.
You convulse!
* * * LOW HITPOINT WARNING * * *
Your +2 dagger of venom stops dripping with poison.
You feel clever.
f - the +10 scimitar of Weudao (weapon)
{vorpal, Int+2} Edmund hits you with a +2 flail of holy wrath!
* * * LOW HITPOINT WARNING * * *
You convulse.
* * * LOW HITPOINT WARNING * * *
A sky beast comes into view.
You gain the combat prowess of a mighty hero.
Edmund hits you with a +2 flail of holy wrath.
You die...

..8....... .. ...
##...###... .#..
'#.#' ##.. ....
c#.#. ##. Y..
.##.##. #. #O.
##...## #.
#h#.####.....####.
#@#...............
#@#####....#######
#[......####
######†## .
#######.# #.
#.......# #.[
#.####### #######
#..###.# #......
#....#.# #......
#$.....####
#####......


You could see Edmund (extremely poisoned), a black bear, a sky beast (wandering)
and an ogre.

Vanquished Creatures
  Maggie (D:6)
  Eustachio (D:5)
  Menkaure (D:5)
  3 water moccasins
  An orc warrior (D:6)
  3 sky beasts
  3 centaurs
  A phantom (D:6)
  2 kobold brigands
  3 necrophages
  A bullfrog (Temple)
  A gnoll sergeant (D:7)
  5 scorpions
  A howler monkey (D:5)
  A jelly (D:6)
  A hound (D:4)
  5 orc priests
  6 iguanas
  Robin (D:3)
  12 gnolls
  13 adders
  2 shadow imps
  A white imp (D:7)
  An ufetubus (D:5)
  3 worms
  20 orcs
  11 endoplasms
  A giant cockroach (D:1)
  16 goblins
  9 hobgoblins
  A jackal (D:4)
  17 kobolds
  A quokka (D:1)
  5 ball pythons
  4 bats
  3 frilled lizards
  6 rats
167 creatures vanquished.

Vanquished Creatures (others)
  A quokka (D:7)
1 creature vanquished.

Grand Total: 168 creatures vanquished

Notes
Turn   | Place    | Note
-------+----------+-------------------------------------------
     0 | D:1      | Kazon the Demonspawn Fighter began the quest for the Orb.
     0 | D:1      | Reached XP level 1. HP: 18/18 MP: 1/1
    44 | D:1      | Identified a scroll of acquirement
    44 | D:1      | Acquired the +10 scimitar of Weudao {vorpal, Int+2}
   346 | D:1      | Gained mutation: You are partially covered in sharp spines.
                  | [demonic ancestry]
   346 | D:1      | Reached XP level 2. HP: 24/24 MP: 2/2
   387 | D:1      | Reached skill level 2 in Long Blades
   880 | D:2      | Gained mutation: You regenerate a little health from kills.
                  | [demonic ancestry]
   880 | D:2      | Reached XP level 3. HP: 29/29 MP: 3/3
  1267 | D:2      | Reached XP level 4. HP: 31/35 MP: 4/4
  1271 | D:2      | Reached skill level 3 in Long Blades
  1474 | D:3      | Found Umat's Antique Weapon Boutique.
  1721 | D:3      | Noticed Robin
  1732 | D:3      | Killed Robin
  1768 | D:3      | Reached XP level 5. HP: 41/41 MP: 5/5
  1909 | D:3      | Reached skill level 5 in Fighting
  1909 | D:3      | Reached skill level 5 in Long Blades
  1909 | D:3      | Reached XP level 6. HP: 51/51 MP: 6/6
  2541 | D:4      | Gained mutation: You have sharp fingernails. [demonic
                  | ancestry]
  2541 | D:4      | Reached XP level 7. HP: 56/56 MP: 7/7
  2847 | D:4      | Reached skill level 5 in Throwing
  2899 | D:4      | Found a hazy altar of Hepliaklqana.
  2961 | D:5      | Entered Level 5 of the Dungeon
  2966 | D:5      | Reached skill level 5 in Dodging
  3190 | D:5      | Gained mutation: You have very sharp fingernails. [demonic
                  | ancestry]
  3190 | D:5      | Reached XP level 8. HP: 58/62 MP: 8/8
  3362 | D:5      | Noticed Menkaure
  3368 | D:5      | Killed Menkaure
  3471 | D:5      | Noticed Eustachio
  3480 | D:5      | Killed Eustachio
  3481 | D:5      | Reached skill level 1 in Evocations
  3556 | D:5      | Reached skill level 6 in Long Blades
  3556 | D:5      | Reached skill level 5 in Armour
  3989 | D:7      | Found a staircase to the Ecumenical Temple.
  3999 | Temple   | Entered the Ecumenical Temple
  4007 | Temple   | Became a worshipper of Warmaster Okawaru
  4024 | Temple   | Reached skill level 1 in Invocations
  4110 | D:7      | Gained mutation: You are mostly covered in sharp spines.
                  | [demonic ancestry]
  4110 | D:7      | Reached XP level 9. HP: 62/68 MP: 8/10
  4112 | D:7      | Reached * piety under Okawaru
  4147 | D:7      | Found a hide-covered altar of Uskayaw.
  4379 | D:6      | Noticed Maggie
  4401 | D:6      | Killed Maggie
  4401 | D:6      | Reached ** piety under Okawaru
  4402 | D:6      | Reached skill level 7 in Long Blades
  4583 | D:6      | Noticed Edmund
  4599 | D:6      | HP: 1/68 [Edmund/+2 flail of holy wrath (5)]
  4600 | D:6      | Slain by Edmund

Illustrated notes

Levels and vault maps discovered:
D:1:      dpeg_arrival_three_smaller_balls, layout_basic
D:2:      layout_loops_ring
D:3:      layout_basic, serial_shops, nicolae_shop_stone, st_stairs_9,
          minmay_misc_feat_doors, eino_curves_03, uniq_robin
D:4:      minmay_wonky_spiral, layout_basic,
          mainiacjoe_overflow_surrounded_room, minivault_5
D:5:      layout_cave_pods, uniq_menkaure, uniq_eustachio
D:6:      cheibrodos_barr_body, layout_basic, minmay_crystal_room,
          minmay_pentangle, uniq_maggie, uniq_edmund
D:7:      layout_cave_pools, nicolae_uskayaw_murder_on_the_dancefloor,
          elyvilon_altar_4, minmay_temple_entry_purple_smoke
Temple:   nicolae_temple_bog_church

Skill      XL: |  1  2  3  4  5  6  7  8  9 |
---------------+----------------------------+-----
Shields        | 3 4 |  4.9
Long Blades    | 2 3 5 6 7 |  7.1
Armour         | 3 4 5 |  5.1
Fighting       | 5 |  5.5
Short Blades   | 3 |  3.2
Throwing       | 4 5 |  5.7
Dodging        | 4 5 |  5.7
Stealth        | 3 |  3.5
Evocations     | 1 2 |  2.5
Invocations    | 1 2 |  2.8

Action                   |  1- 3 |  4- 6 |  7- 9 || total
-------------------------+-------+-------+-------++-------
Melee: Scimitar          |    49 |    44 |   171 ||   264
       Long sword        |     4 |       |       ||     4
       Dagger            |       |       |    18 ||    18
Throw: Stone             |     4 |    29 |    21 ||    54
       Boomerang         |       |    10 |    22 ||    32
       Throwing net      |       |       |     1 ||     1
Invok: Heroism           |       |       |     1 ||     1
  Use: Scroll            |     1 |       |     3 ||     4
       Potion            |       |     1 |     3 ||     4
 Stab: Sleeping          |       |       |     1 ||     1
Armor: Scale mail        |    35 |     8 |     9 ||    52
       Leather armour    |       |       |    38 ||    38
Dodge: Dodged            |    22 |    16 |   123 ||   161
Block: Buckler           |    12 |    10 |    40 ||    62
